AoeStats
← LyM. El Arquitecto

Arabia

509972541Analyzed
2v2 RM · 3d ago on Sep 28, 2026· 47m 40s· 4 players
Game mode
Random Map
Map size
Medium (4 player)
Population
200
Speed
Normal
Resources
Standard
Victory
Conquest
Starting age
Dark Age
Ending age
Imperial Age
RankedLock teamsTeams togetherTeam positionsShared explorationLock speedFull tech treeHidden civsTurbo modeCheats
Victory
Defeat
🇨🇴 Sicilians · Colombia
1045
+17
🇺🇸 Lithuanians · United States
1027
+18
🇦🇷 Wei · Argentina
1071
-18
🇦🇷 Wu · Argentina
1059
-17
RonyPasteliny97
5:29 Loom
10:50 Feudal Age
20:21 Castle Age
18:21 Horse Collar
21:02 Double-Bit Axe
21:59 Pikeman
25:42 Bloodlines
27:02 Heavy Plow
29:04 Scale Barding Armor
32:57 Bow Saw
33:21 Forging
34:03 Scale Mail Armor
35:11 Husbandry
37:42 Iron Casting
37:19 Gold Mining
37:22 Stone Mining
38:15 Chain Barding Armor
38:06 Arson
38:22 Squires
39:03 Chain Mail Armor
43:47 Imperial Age
41:56 Wheelbarrow
41:33 Fletching
43:18 Ballistics
42:54 Murder Holes
43:12 Fortified Wall
42:47 Treadmill Crane
43:59 Caravan
44:01 Halberdier
44:34 Elite Leitis
45:54 Conscription
47:47 Chemistry
47:01 Masonry
47:33 Hand Cart
49:17 Two-Man Saw
CarRod2508
2:29 Loom
10:06 Feudal Age
12:49 Double-Bit Axe
16:44 Bloodlines
20:59 Horse Collar
22:31 Wheelbarrow
22:36 Forging
25:38 Castle Age
24:03 Scale Barding Armor
26:43 Chain Barding Armor
26:59 Iron Casting
26:29 Husbandry
28:10 Gold Mining
34:57 Heavy Plow
39:11 Imperial Age
38:34 Hand Cart
39:44 Gold Shaft Mining
38:59 Stone Mining
39:23 Bow Saw
39:58 Hauberk
40:15 Conscription
40:47 Plate Barding Armor
41:27 Blast Furnace
40:26 Cavalier
41:13 Scale Mail Armor
41:58 First Crusade
41:33 Fletching
44:04 Chain Mail Armor
46:27 Plate Mail Armor
LyM.leantorras
5:56 Loom
9:17 Feudal Age
9:59 Double-Bit Axe
10:11 Horse Collar
19:02 Forging
20:11 Gold Mining
22:36 Castle Age
21:26 Bloodlines
21:32 Scale Barding Armor
24:17 Bow Saw
24:46 Iron Casting
24:32 Husbandry
23:53 Light Cavalry
26:55 Heavy Plow
32:02 Wheelbarrow
32:13 Chain Barding Armor
34:50 Hand Cart
34:21 Town Watch
41:09 Imperial Age
41:12 Hussar
42:44 Gold Shaft Mining
42:00 Stone Mining
43:56 Heavy Hei Guang Cavalry
LyM. El Arquitecto
0:26 Loom
11:40 Feudal Age
12:34 Town Watch
12:59 Man-at-Arms
17:03 Horse Collar
17:12 Double-Bit Axe
22:57 Castle Age
22:00 Scale Mail Armor
22:11 Forging
23:21 Long Swordsman
25:35 Chain Mail Armor
26:59 Squires
28:04 Iron Casting
29:54 Heavy Plow
31:25 Wheelbarrow
32:22 Pikeman
37:19 Imperial Age
35:30 Hand Cart
36:41 Fletching
38:25 Halberdier
38:25 Two-Handed Swordsman
39:58 Champion
42:59 Conscription
43:31 Plate Mail Armor
43:46 Sitting Tiger
45:25 Blast Furnace
44:26 Arson
Connection lost

Rejoining the realm…

Still unreachable

The connection could not be restored.

Session expired

The server has moved on; the page needs a fresh start.